 Dungeon Crawl Stone Soup version 0.30-a0-358-g0d69a1922f (webtiles) character file.

Game seed: 17464783138657940790

75 koil the Chopper (level 4, 0/38 HPs)
             Began as a Hill Orc Reaver on Nov 8, 2022.
             Slain by a gnoll
             ... wielding a +0 whip
              (7 damage)
             ... on level 4 of the Dungeon.
             The game lasted 00:06:02 (1894 turns).

koil the Chopper (Hill Orc Reaver)                  Turns: 1894, Time: 00:06:03

Health: 0/38       AC:  6    Str: 16    XL:     4   Next: 31%
Magic:  6/6        EV: 11    Int: 13    God:
Gold:   179        SH:  0    Dex:  9    Spells: 3/6 levels left

rFire   . . .      SeeInvis .    a - +0 hand axe
rCold   . . .      Faith    .    (no shield)
rNeg    . . .      Spirit   .    b - +0 leather armour
rPois   .          Reflect  .    (no helmet)
rElec   .          Harm     .    (no cloak)
rCorr   .          Rampage  .    (no gloves)
Will    +....                    i - +2 pair of boots
Stlth   +.........               (no amulet)
HPRegen 0.26/turn                j - ring of willpower
MPRegen 0.10/turn                (no ring)

@: no status effects
A: no striking features
a: no special abilities


You were on level 4 of the Dungeon.
You visited 1 branch of the dungeon, and saw 4 of its levels.

You collected 179 gold pieces.

Inventory:

Hand Weapons
 a - a +0 hand axe (weapon)
 e - a +0 short sword of electrocution
Missiles
 l - 6 boomerangs
 n - 2 javelins
Armour
 b - a +0 leather armour (worn)
 i - a +2 pair of boots (worn)
Jewellery
 g - a ring of poison resistance
 j - a ring of willpower (left hand)
 m - a ring of see invisible
Scrolls
 c - 2 scrolls of teleportation {unknown}
 d - 2 scrolls of identify {unknown}
 f - a scroll of poison {unknown}
 k - a scroll of enchant armour {unknown}
Potions
 h - a potion of haste {unknown}


   Skills:
 + Level 3.1 Fighting
 + Level 4.5 Axes
 + Level 1.2 Armour
 + Level 2.0 Dodging
 + Level 1.9 Spellcasting
 + Level 3.4 Conjurations
 + Level 0.3 Transmutations


You had 3 spell levels left.
You knew the following spells:

 Your Spells              Type           Power      Damage    Failure   Level
a - Kiss of Death         Conj/Necr      20%        2d7       16%         1
b - Momentum Strike       Conj/Tloc      10%        3d8       24%         2

Your spell library contained the following spells:

 Spells                   Type           Power      Damage    Failure   Level
 Freeze                   Ice            4%         1d3       32%         1
 Wereblood                Tmut           2%         N/A       38%         2
 Sublimation of Blood     Necr           1%         N/A       43%         2
 Hailstorm                Conj/Ice       5%         3d4       43%         3
 Frozen Ramparts          Ice            2%         1d1       67%         3
 Summon Hydra             Summ           0%         N/A       100%        7


Dungeon Overview and Level Annotations

Branches:
Dungeon (4/15)
 Temple: D:4-7

Altars:

Shops:
D:2 *

Annotations:
D:4 Blork the orc


Message History

You hit the gnoll but do no damage.
The gnoll is moderately wounded.
The gnoll barely misses you. The gnoll hits you with a +0 whip.
You closely miss the gnoll.
The gnoll is moderately wounded.
The gnoll hits you from afar with a +0 halberd of freezing!
* * * LOW HITPOINT WARNING * * *
The gnoll freezes you.
* * * LOW HITPOINT WARNING * * *
The gnoll barely misses you. The gnoll attacks as you move away!
The gnoll hits you but does no damage. The gnoll attacks as you move away!
The gnoll closely misses you.
There is an open door here.
The gnoll attacks as you move away! The gnoll barely misses you.
There is a stone staircase leading down here.
The gnoll closely misses you.
You climb downwards.
The orc hits you with a +0 short sword.
* * * LOW HITPOINT WARNING * * *
The endoplasm freezes you.
You are frozen.
* * * LOW HITPOINT WARNING * * *
There is a stone staircase leading up here.
The endoplasm attacks as you move away! The endoplasm completely misses you.
The orc barely misses you. The gnoll attacks as you move away!
The gnoll barely misses you.
An orc wizard comes into view. It is wielding a +0 dagger.
Found a quarterstaff.
The orc wizard shouts!
An orc comes into view. It is wielding a +0 hand axe.
Found a scroll labelled CARGHEO DESU.
The orc shouts!
You hear a shout!
An orc comes into view. It is wielding a +0 club.
The gnoll attacks as you move away! The gnoll completely misses you.
Found a stone staircase leading down.
The gnoll attacks as you move away! The gnoll hits you but does no damage.
Blork the orc comes into view.
He is wielding a +0 halberd.
Blork the orc shouts!
Blork the orc screams, "I don't like you!"
The gnoll attacks as you move away! The gnoll hits you with a +0 whip!
You die...

......:#...#......
........<<........
.......>#.........
........J.#.......
......oJ###.......
...o...o####......
.......oo.###.....
........#g........
........##@.......
..............>...
....)..........##.
...?.....#...###
#.....#.......
########...###
o... .....


You could see Blork the orc, an orc wizard, a gnoll, 3 orcs and an endoplasm.

Vanquished Creatures
  3 adders (D:2)
  A gnoll (D:3)
  A dart slug (D:2)
  4 bats
  2 endoplasms
  4 giant cockroaches
  2 goblins
  3 jackals (D:2)
  A quokka (D:2)
  6 ball pythons
  4 frilled lizards
  5 kobolds
  2 rats
38 creatures vanquished.

Notes
Turn   | Place    | Note
-------+----------+-------------------------------------------
     0 | D:1      | koil the Hill Orc Reaver began the quest for the Orb.
     0 | D:1      | Reached XP level 1. HP: 18/18 MP: 3/3
   323 | D:1      | Reached XP level 2. HP: 25/25 MP: 4/4
   329 | D:1      | Learned a level 2 spell: Momentum Strike
   833 | D:2      | Reached XP level 3. HP: 11/30 MP: 5/5
   954 | D:2      | Reached skill level 1 in Armour
  1069 | D:2      | Found Kinet's General Store.
  1419 | D:2      | Reached XP level 4. HP: 37/38 MP: 6/6
  1876 | D:3      | HP: 7/38 [gnoll/+0 halberd of freezing (2)]
  1886 | D:4      | HP: 6/38 [frozen (2)]
  1893 | D:4      | Noticed Blork the orc
  1894 | D:4      | Slain by a gnoll

Illustrated notes

Levels and vault maps discovered:
D:1:      tarquinn_simple_flora_water_b, layout_loops_ring,
          nicolae_figureground_sparkle
D:2:      layout_loops_ring, serial_shops, shop
D:3:      layout_basic, mainiacjoe_overflow_concentric_impassable,
          beargit_hepliaklqana_dungeon_heroes, serial_corexii_hall,
          chequers_hall_statues_wall_a, corexii_hall_statues_l,
          minmay_crystal_water, uniq_jessica
D:4:      gammafunk_wand_slinger, layout_rooms,
          mainiacjoe_overflow_catwalk_spiral, dk_rats_in_the_wall,
          uniq_blork_the_orc

Skill      XL: |  1  2  3  4 |
---------------+-------------+-----
Armour         | 1 |  1.2
Fighting       | 3 |  3.1
Dodging        | 2 |  2.0
Axes           | |  4.5
Spellcasting   | |  1.9
Conjurations   | |  3.4
Transmutations | |  0.3

Action                   |  1- 3 |  4- 6 || total
-------------------------+-------+-------++-------
Melee: Hand axe          |   121 |    24 ||   145
Throw: Javelin           |       |     2 ||     2
       Boomerang         |       |     2 ||     2
  Use: Potion            |       |     2 ||     2
Armor: Leather armour    |    39 |     7 ||    46
Dodge: Dodged            |    95 |    30 ||   125

Table legend: (Time is in decaauts)
 A = Elapsed time spent in this place.
 B = Non-inter-level travel time spent in this place.
 C = Inter-level travel time spent in this place.
 D = Time resting spent in this place.
 E = Time spent auto-exploring this place.
 F = Levels seen in this place.
 G = Mean time per level.
                   A        B        C        D        E       F      G
               +--------+--------+--------+--------+--------+-----+--------+
         Total |   1906 |   1884 |     22 |     88 |   1434 |   4 |  476.5 |
       Dungeon |   1906 |   1884 |     22 |     88 |   1434 |   4 |  476.5 |
               +--------+--------+--------+--------+--------+-----+--------+

Top non-repeatable levels by time:
     D:2: 795 daAuts
     D:1: 787 daAuts
     D:3: 310 daAuts
     D:4: 14 daAuts
